 Dungeon Crawl Stone Soup version 0.18-a0-965-g9200175 (webtiles) character file.

906 root the Covered (level 7, -22/62 HPs)
             Began as a Minotaur Fighter on Jan 1, 2016.
             Was a Believer of Okawaru.
             Killed from afar by a deep elf knight (37 damage)
             ... with a shard of ice
             ... on level 5 of the Dungeon.
             The game lasted 00:14:14 (3963 turns).

root the Covered (Minotaur Fighter)                 Turns: 3963, Time: 00:14:14

Health: -22/62     AC:  9    Str: 20    XL:     7   Next: 81%
Magic:  6/6        EV:  9    Int:  5    God:    Okawaru [**....]
Gold:   340        SH: 10    Dex: 17    Spells: 0 memorised, 6 levels left

rFire  . . .     SeeInvis .     a - +0 long sword
rCold  . . .     Gourm    .     b - +0 scale mail
rNeg   . . .     Faith    .     c - +0 shield
rPois  .         Spirit   .     (helmet restricted)
rElec  .         Dismiss  .     x - +0 cloak
rCorr  .         Reflect  .     (no gloves)
SustAt .         Harm     .     (no boots)
MR     .....                    (no amulet)
Stlth  ..........               (no ring)
                                J - +5 ring of dexterity

@: not resistant to hostile enchantments, extremely unstealthy
A: retaliatory headbutt, horns 2
a: Heroism, Renounce Religion


You were on level 5 of the Dungeon.
You worshipped Okawaru.
Okawaru was pleased with you.
You were not hungry.

You visited 1 branch of the dungeon, and saw 5 of its levels.

You collected 340 gold pieces.

Inventory:

Hand Weapons
 a - a +0 long sword (weapon)
 y - a +0 blowgun
Missiles
 d - 47 poisoned needles
 C - a throwing net (quivered)
Armour
 b - a +0 scale mail (worn)
 c - a +0 shield (worn)
 x - a +0 cloak (worn)
Jewellery
 v - an uncursed amulet of the gourmand {unknown}
 J - a +5 ring of dexterity (left hand)
Wands
 A - a wand of frost (11/48)
 B - a wand of flame (16/48)
Scrolls
 g - 5 scrolls of identify {unknown}
 h - 6 scrolls of teleportation {unknown}
 i - 4 scrolls of noise {unknown}
 m - a scroll of blinking {unknown}
 o - 3 scrolls of remove curse {unknown}
 p - 3 scrolls of random uselessness {unknown}
 r - 2 scrolls of magic mapping {unknown}
 s - 3 scrolls of enchant armour {unknown}
 u - a scroll of fear {unknown}
 D - 2 scrolls of enchant weapon {unknown}
 G - 2 scrolls of recharging {unknown}
Potions
 e - a potion of flight {unknown}
 j - a potion of curing {unknown}
 k - 2 potions of brilliance {unknown}
 n - a potion of heal wounds {unknown}
 q - a potion of lignification {unknown}
 w - a potion of mutation {unknown}
 z - a potion of haste {unknown}
 F - a potion of poison {unknown}
 H - a potion of resistance {unknown}
Comestibles
 f - 4 bread rations
 l - 3 fruits
 t - a royal jelly
 E - a slice of pizza
 I - 7 chunks of flesh


   Skills:
 + Level 5.7 Fighting
 * Level 6.2 Long Blades
 + Level 6.7 Armour
 + Level 2.5 Dodging
 + Level 5.5 Shields


You had 6 spell levels left.
You didn't know any spells.

Dungeon Overview and Level Annotations

Branches:
Dungeon (5/15)
 Temple: D:4-7

Altars:
Ashenzari
Nemelex Xobeh
Okawaru
Qazlal
Ru
Sif Muna
Xom
Zin


Innate Abilities, Weirdness & Mutations

You reflexively headbutt those who attack you in melee.
You have a pair of horns on your head.


Message History

The deep elf knight is lightly wounded.
You block the deep elf knight's attack.
The deep elf knight gestures wildly while chanting.
The deep elf knight flickers and vanishes!
Deactivating autopickup; reactivate with Ctrl-A.
You barely miss something. Your headbutt misses something.
You hear some strange, mumbled words.
A shard of ice appears from out of thin air!
The shard of ice hits you! Something hits you.
* * * LOW HITPOINT WARNING * * *
You miss something.
You hear some strange, mumbled words.
A shard of ice appears from out of thin air!
The shard of ice misses you. Something blocks your attack.
You hear some strange, mumbled words.
A shard of ice appears from out of thin air!
The shard of ice hits you!
Ouch! That really hurt!
You die...

.....####.#
..#....##.# .. ^# .#
..#....##.# .## ..#
..#....##.# ... ..
..#....##.# ..[..
..#....##.# #g#.
###....##.#.######z.
#....##.#......#e#
##'####.######@#.#
#.####........{z#
#.....#######.###
#.....# #)# #.....#
#.# #.....# #.#
###.....# #..
##.......# ###
.'..)....#


You could see a wight.

Vanquished Creatures
  Sigmund (D:2)
  2 scorpions (D:5)
  2 crimson imps (D:5)
  3 hounds
  3 jellies (D:5)
  2 orc priests (D:3)
  An iguana (D:5)
  An orc wizard (D:4)
  3 worker ants (D:5)
  A hound zombie (D:5)
  2 hound skeletons
  A worker ant zombie (D:5)
  A gnoll (D:5)
  6 adders
  2 shadow imps (D:5)
  An ooze (D:4)
  4 worms
  5 giant geckos
  13 orcs
  5 giant cockroaches
  5 goblins
  8 hobgoblins
  2 jackals (D:4)
  5 kobolds
  2 quokkas
  2 ball pythons
  3 bats
  3 giant newts
  A jackal skeleton (D:4)
  A quokka skeleton (D:4)
  3 rats
94 creatures vanquished.

Vanquished Creatures (others)
  A centaur (D:5)
  2 worker ants (D:5)
3 creatures vanquished.

Grand Total: 97 creatures vanquished

Notes
Turn   | Place    | Note
--------------------------------------------------------------
     0 | D:1      | root the Minotaur Fighter began the quest for the Orb.
     0 | D:1      | Reached XP level 1. HP: 19/19 MP: 0/0
   219 | D:1      | Reached XP level 2. HP: 25/27 MP: 1/1
   575 | D:2      | Found an iron altar of Okawaru.
   578 | D:2      | Found a sacrificial altar of Ru.
   581 | D:2      | Found a sparkling altar of Nemelex Xobeh.
   584 | D:2      | Became a worshipper of Warmaster Okawaru
   614 | D:2      | Noticed Sigmund
   783 | D:2      | Killed Sigmund
   783 | D:2      | Reached * piety under Okawaru
   783 | D:2      | Reached skill level 4 in Fighting
   783 | D:2      | Reached skill level 5 in Armour
   783 | D:2      | Reached XP level 3. HP: 29/34 MP: 2/2
   783 | D:2      | Reached XP level 4. HP: 34/41 MP: 3/3
   783 | D:2      | Reached XP level 5. HP: 38/47 MP: 4/4
   831 | D:2      | Found a deep blue altar of Sif Muna.
  1429 | D:3      | Reached skill level 1 in Dodging
  1543 | D:3      | Reached XP level 6. HP: 37/53 MP: 5/5
  1977 | D:3      | Reached ** piety under Okawaru
  2057 | D:3      | Found a shattered altar of Ashenzari.
  2438 | D:4      | Reached skill level 5 in Shields
  2452 | D:4      | Found a stormy altar of Qazlal.
  2656 | D:4      | Reached skill level 5 in Fighting
  2731 | D:4      | Reached skill level 5 in Long Blades
  3116 | D:5      | Entered Level 5 of the Dungeon
  3116 | D:5      | Found a shimmering altar of Xom.
  3175 | D:5      | Reached skill level 6 in Armour
  3175 | D:5      | Reached XP level 7. HP: 61/61 MP: 6/6
  3429 | D:5      | Found a glowing silver altar of Zin.
  3952 | D:5      | Noticed a deep elf knight
  3963 | D:5      | Killed from afar by a deep elf knight

Vault maps used:
D:1:      dpeg_arrival_simpleton_c
D:2:      lemuel_doored_altar, grunt_temple_overflow_open, uniq_sigmund
D:3:      old_standard_altar, wad_floor_pattern_untrapped
D:4:      grunt_qazlal_sundering, first_bread
D:5:      xom_confusion_cloud, minmay_temple_entry_fiery, basic_altar,
          sword_in_stone

Action                   |  1- 3 |  4- 6 |  7- 9 || total
-------------------------+-------+-------+-------++-------
Melee: Long sword        |    21 |   164 |    83 ||   268
  Use: Potion            |     1 |       |       ||     1
  Eat: Chunk             |       |     7 |     3 ||    10
